TL
AMARILLO GOLD SOX @ ROUND ROCK EXPRESS
05/17/1982
 
TOP OF THE 1ST
Amarillo Gold Sox batting - Pitching for Round Rock Express : RHP Richard Dotson
Pitching: RHP Richard Dotson
Batting: SHB Mike Felder 0-0: Ball
1-0: Called Strike
1-1: Foul Ball, location: 2F
1-2: Ground out 6-3 (Groundball, 6, EV 89.4 MPH)
Batting: LHB Hector Arroyo 0-0: Ball
1-0: Ball
2-0: Ball
3-0: Called Strike
3-1: Base on Balls
Batting: SHB Al Newman 0-0: Called Strike
Hector Arroyo steals 2nd, throwing error, E2
Hector Arroyo to third
0-1: Ball
1-1: SINGLE (Line Drive, 3D, EV 98.1 MPH)
Hector Arroyo scores
Batting: RHB Bill Pecota 0-0: Ball
1-0: Fly out, F3 (Popup, 34S, EV 77.5 MPH)
Batting: SHB Steve Jeltz 0-0: Ball
1-0: Foul Ball, location: 2F
1-1: Ball
2-1: Foul Ball, location: 2F
2-2: Ground out 4-3 (Groundball, 34, EV 83.1 MPH)
Top of the 1st over - 1 run, 1 hit, 1 error, 1 left on base; Amarillo 1 - Round Rock 0
BOTTOM OF THE 1ST
Round Rock Express batting - Pitching for Amarillo Gold Sox : RHP Christopher DiLorenzo
Pitching: RHP Christopher DiLorenzo
Batting: LHB Steve Lyons 0-0: Foul Ball, location: 2F
0-1: Ball
1-1: SINGLE (Flyball, 6D, EV 82.5 MPH)
Batting: LHB Luis Armijo 0-0: Fly out, F7 (Flyball, 7LM, EV 92.5 MPH)
Batting: RHB Alejandro Sanchez 0-0: Ball
1-0: Swinging Strike
1-1: Called Strike
1-2: Foul Ball, location: 2F
1-2: SINGLE (Groundball, 4MD, EV 109.4 MPH)
Steve Lyons to second
Batting: LHB Al Chambers 0-0: Ball
1-0: Called Strike
1-1: Called Strike
1-2: Fielders Choice at 2nd, 6-4 (Groundball, 6, EV 104.4 MPH)
Steve Lyons to third
Batting: RHB Martyn Maxwell 0-0: Fielders Choice at 2nd, 6-4 (Groundball, 56, EV 85.6 MPH)
Bottom of the 1st over - 0 runs, 2 hits, 0 errors, 2 left on base; Amarillo 1 - Round Rock 0
TOP OF THE 2ND
Amarillo Gold Sox batting - Pitching for Round Rock Express : RHP Richard Dotson
Batting: LHB Derwin McNealy 0-0: Ball
1-0: Called Strike
1-1: SINGLE (Groundball, 15S, EV 75.6 MPH) (infield hit)
Batting: RHB Chino Cadahia 0-0: 2-RUN HOME RUN (Flyball, 9D, EV 93.1 MPH), Distance : 381 ft
Batting: RHB Todd Smith 0-0: Called Strike
0-1: DOUBLE (Line Drive, 7LM, EV 86.9 MPH)
Batting: RHB J.P. Pierson 0-0: Ball
1-0: Swinging Strike
1-1: Ground out 4-3 (Groundball, 34, EV 101.3 MPH)
Todd Smith to third
Batting: SHB Mike Felder 0-0: DOUBLE (Line Drive, 7LM, EV 105.6 MPH)
Todd Smith scores
Batting: LHB Hector Arroyo 0-0: Ball
1-0: SINGLE (Flyball, 6D, EV 85.0 MPH)
Mike Felder to third
Batting: SHB Al Newman 0-0: Ball
1-0: Ball
Hector Arroyo steals 2nd base
2-0: Fly out, F9 (Flyball, 9LM, EV 93.1 MPH)
Runner from 3rd tags up, SCORES, no throw by RF
Hector Arroyo to third
Batting: RHB Bill Pecota 0-0: Ball
1-0: Ground out U3 (Groundball, 3, EV 87.5 MPH)
Top of the 2nd over - 4 runs, 5 hits, 0 errors, 1 left on base; Amarillo 5 - Round Rock 0
BOTTOM OF THE 2ND
Round Rock Express batting - Pitching for Amarillo Gold Sox : RHP Christopher DiLorenzo
Batting: RHB Gerald Miller 0-0: Called Strike
0-1: Ball
1-1: Foul Ball, location: 2F
1-2: Foul Ball, location: 2F
1-2: Ball
2-2: Ball
3-2: Foul Ball, location: 2F
3-2: DOUBLE (Flyball, 7LD, EV 105.0 MPH)
Batting: LHB James Jennings 0-0: Ball
1-0: Ball
2-0: Swinging Strike
2-1: Called Strike
2-2: Ball
Wild Pitch!
Gerald Miller to third
3-2: Foul Ball, location: 2F
3-2: Base on Balls
Batting: LHB William Sobbe 0-0: Ball
1-0: Grounds into double play, 4-6-3 (Groundball, 4, EV 82.5 MPH)
Gerald Miller scores
Batting: RHB Mike Sodders 0-0: Foul Ball, location: 2F
0-1: Ball
1-1: Foul Ball, location: 2F
1-2: Strikes out looking
Bottom of the 2nd over - 1 run, 1 hit, 0 errors, 0 left on base; Amarillo 5 - Round Rock 1
TOP OF THE 3RD
Amarillo Gold Sox batting - Pitching for Round Rock Express : RHP Richard Dotson
Batting: SHB Steve Jeltz 0-0: Ball
1-0: Called Strike
1-1: SINGLE (Line Drive, 78M, EV 101.3 MPH)
Batting: LHB Derwin McNealy 0-0: Called Strike
0-1: Foul Ball, location: 2F
0-2: Ball
1-2: Ball
2-2: Strikes out swinging
Batting: RHB Chino Cadahia 0-0: Ball
1-0: Foul Ball, location: 2F
1-1: SINGLE (Groundball, 6MD, EV 110.0 MPH)
Steve Jeltz to second
Runner from 2nd tries for 3rd, SAFE, no throw by CF
Batting: RHB Todd Smith 0-0: Called Strike
0-1: Foul Ball, location: 2F
0-2: Ball
1-2: Ball
2-2: Fly out, F8 (Flyball, 8LD, EV 91.3 MPH)
Runner from 3rd tags up, SCORES, throw by CF
Batting: RHB J.P. Pierson 0-0: Ball
1-0: Ball
2-0: Called Strike
2-1: Ball
3-1: Swinging Strike
3-2: Base on Balls
Chino Cadahia to second
Pitching: RHP Bret Cleland
Batting: SHB Mike Felder 0-0: Ball
1-0: Ground out 4-3 (Groundball, 4, EV 79.4 MPH)
Top of the 3rd over - 1 run, 2 hits, 0 errors, 2 left on base; Amarillo 6 - Round Rock 1
BOTTOM OF THE 3RD
Round Rock Express batting - Pitching for Amarillo Gold Sox : RHP Christopher DiLorenzo
Batting: LHB Steve Lyons 0-0: Ball
1-0: DOUBLE (Line Drive, 7LM, EV 99.4 MPH)
Batting: LHB Luis Armijo 0-0: Fly out, F4 (Flyball, 4MD, EV 91.3 MPH)
Batting: RHB Alejandro Sanchez 0-0: Ball
1-0: Fly out, F9 (Flyball, 9, EV 88.1 MPH)
Batting: LHB Al Chambers 0-0: Foul Ball, location: 2F
0-1: Fly out, F8 (Flyball, 8LM, EV 94.4 MPH)
Bottom of the 3rd over - 0 runs, 1 hit, 0 errors, 1 left on base; Amarillo 6 - Round Rock 1
TOP OF THE 4TH
Amarillo Gold Sox batting - Pitching for Round Rock Express : RHP Bret Cleland
Batting: LHB Hector Arroyo 0-0: Swinging Strike
0-1: Foul Ball, location: 2F
0-2: Foul Ball, location: 2F
0-2: Ball
1-2: Ground out 4-3 (Groundball, 4, EV 80.0 MPH)
Batting: SHB Al Newman 0-0: Ball
1-0: Foul Ball, location: 2F
1-1: Foul Ball, location: 2F
1-2: Foul Ball, location: 2F
1-2: Ball
2-2: Ball
3-2: Fly out, F9 (Flyball, 9S, EV 81.9 MPH)
Batting: RHB Bill Pecota 0-0: Ball
1-0: Called Strike
1-1: Ball
2-1: Ball
3-1: Base on Balls
Batting: SHB Steve Jeltz 0-0: Ball
1-0: Ball
2-0: Ball
3-0: Called Strike
3-1: Base on Balls
Bill Pecota to second
Batting: LHB Derwin McNealy 0-0: Swinging Strike
0-1: Ball
1-1: Called Strike
1-2: Ball
2-2: Ball
3-2: Strikes out swinging
Top of the 4th over - 0 runs, 0 hits, 0 errors, 2 left on base; Amarillo 6 - Round Rock 1
BOTTOM OF THE 4TH
Round Rock Express batting - Pitching for Amarillo Gold Sox : RHP Christopher DiLorenzo
Batting: RHB Martyn Maxwell 0-0: Foul Ball, location: 2F
0-1: Foul Ball, location: 2F
0-2: Foul Ball, location: 2F
0-2: Ball
1-2: Ball
2-2: Ground out U3 (Groundball, 3, EV 88.8 MPH)
Batting: RHB Gerald Miller 0-0: Ball
1-0: Ball
2-0: Fly out, F9 (Flyball, 9D, EV 86.3 MPH)
Batting: LHB James Jennings 0-0: Ball
1-0: Called Strike
1-1: Called Strike
1-2: Strikes out looking
Bottom of the 4th over - 0 runs, 0 hits, 0 errors, 0 left on base; Amarillo 6 - Round Rock 1
TOP OF THE 5TH
Amarillo Gold Sox batting - Pitching for Round Rock Express : RHP Bret Cleland
Batting: RHB Chino Cadahia 0-0: Ball
1-0: Ball
2-0: Ball
3-0: Base on Balls
Batting: RHB Todd Smith 0-0: Foul Ball, location: 2F
0-1: Ball
1-1: Ball
2-1: Grounds into double play, 4-6-3 (Groundball, 4, EV 102.5 MPH)
Batting: RHB J.P. Pierson 0-0: Called Strike
0-1: SINGLE (Groundball, 23, EV 72.5 MPH) (infield hit)
Pitching: RHP Mario Kaufman
Batting: SHB Mike Felder 0-0: Ball
1-0: Called Strike
1-1: Ball
2-1: SINGLE (Groundball, 6S, EV 68.8 MPH) (infield hit)
J.P. Pierson to second
Batting: LHB Hector Arroyo 0-0: Ball
1-0: SINGLE (Groundball, 34D, EV 99.4 MPH)
J.P. Pierson to third
Mike Felder to second
Runner from 3rd tries for Home, SAFE, throw by RF to home
Batting: SHB Al Newman 0-0: Ball
1-0: Ball
2-0: Ball
3-0: Called Strike
3-1: Base on Balls
Mike Felder to third
Hector Arroyo to second
Batting: RHB Bill Pecota 0-0: Fly out, F9 (Flyball, 9, EV 78.1 MPH)
Top of the 5th over - 1 run, 3 hits, 0 errors, 3 left on base; Amarillo 7 - Round Rock 1
BOTTOM OF THE 5TH
Round Rock Express batting - Pitching for Amarillo Gold Sox : RHP Christopher DiLorenzo
Batting: LHB William Sobbe 0-0: Ball
1-0: Foul Ball, location: 2F
1-1: Called Strike
1-2: Foul Ball, location: 2F
1-2: Foul Ball, location: 2F
1-2: Ball
2-2: Foul Ball, location: 2F
2-2: Ground out 5-3 (Groundball, 5, EV 102.5 MPH)
Batting: RHB Mike Sodders 0-0: Ball
1-0: SINGLE (Flyball, 34D, EV 83.1 MPH)
Batting: LHB Steve Lyons 0-0: Ball
1-0: Ball
2-0: Foul Ball, location: 2F
2-1: Foul Ball, location: 2F
2-2: DOUBLE (Flyball, 8LXD, EV 91.9 MPH)
Mike Sodders to third
Batting: LHB Luis Armijo 0-0: SINGLE (Groundball, 4, EV 94.4 MPH)
Mike Sodders scores
Steve Lyons to third
Runner from 3rd tries for Home, SAFE, throw by CF to home
Batting: RHB Alejandro Sanchez 0-0: Ball
1-0: Ball
Luis Armijo steals 2nd base
2-0: Called Strike
2-1: Ground out 6-3 (Groundball, 6M, EV 89.4 MPH)
Luis Armijo to third
Batting: LHB Al Chambers 0-0: Swinging Strike
0-1: Foul Ball, location: 2F
0-2: Strikes out swinging
Bottom of the 5th over - 2 runs, 3 hits, 0 errors, 1 left on base; Amarillo 7 - Round Rock 3
TOP OF THE 6TH
Amarillo Gold Sox batting - Pitching for Round Rock Express : RHP Mario Kaufman
Batting: SHB Steve Jeltz 0-0: SINGLE (Line Drive, 4M, EV 98.1 MPH)
Batting: LHB Derwin McNealy 0-0: Sac Bunt to 3S - play at first, batter OUT! 3-4
Steve Jeltz to second
Batting: RHB Chino Cadahia 0-0: Foul Ball, location: 2F
0-1: Ball
1-1: Swinging Strike
1-2: 2-RUN HOME RUN (Flyball, 78XD, EV 105.0 MPH), Distance : 413 ft
Batting: RHB Todd Smith 0-0: Called Strike
0-1: Ground out U3 (Groundball, 3S, EV 85.6 MPH)
Batting: RHB J.P. Pierson 0-0: Swinging Strike
0-1: Called Strike
0-2: Foul Ball, location: 2F
0-2: Strikes out swinging
Top of the 6th over - 2 runs, 2 hits, 0 errors, 0 left on base; Amarillo 9 - Round Rock 3
BOTTOM OF THE 6TH
Round Rock Express batting - Pitching for Amarillo Gold Sox : RHP Christopher DiLorenzo
Batting: RHB Martyn Maxwell 0-0: Ground out 4-3 (Groundball, 4, EV 104.4 MPH)
Batting: RHB Gerald Miller 0-0: Called Strike
0-1: Foul Ball, location: 2F
0-2: Ball
1-2: Strikes out looking
Batting: LHB James Jennings 0-0: Ball
1-0: Ball
2-0: Ball
3-0: Base on Balls
Batting: LHB William Sobbe 0-0: Swinging Strike
0-1: Ball
1-1: Called Strike
1-2: Ball
Wild Pitch!
James Jennings to second
2-2: Ball
3-2: Foul Ball, location: 2F
3-2: Ground out 5-3 (Groundball, 56, EV 78.8 MPH)
Bottom of the 6th over - 0 runs, 0 hits, 0 errors, 1 left on base; Amarillo 9 - Round Rock 3
TOP OF THE 7TH
Amarillo Gold Sox batting - Pitching for Round Rock Express : RHP Mario Kaufman
Batting: SHB Mike Felder 0-0: Fly out, F8 (Flyball, 8LS, EV 93.1 MPH)
Batting: LHB Hector Arroyo 0-0: Foul Ball, location: 2F
0-1: Ground out 4-3 (Groundball, 4, EV 108.8 MPH)
Batting: SHB Al Newman 0-0: Ball
1-0: Ball
2-0: Ball
3-0: Base on Balls
Batting: RHB Bill Pecota 0-0: Called Strike
Al Newman steals 2nd base
0-1: Ball
1-1: SINGLE (Groundball, 34D, EV 103.1 MPH)
Al Newman to third
Runner from 3rd tries for Home, SAFE, throw by RF to home
Batting: SHB Steve Jeltz 0-0: Called Strike
0-1: Ball
1-1: Foul Ball, location: 2F
1-2: Ball
2-2: Ball
3-2: Base on Balls
Bill Pecota to second
Batting: LHB Derwin McNealy 0-0: Fly out, F3 (Popup, 23F, EV 87.5 MPH)
Top of the 7th over - 1 run, 1 hit, 0 errors, 2 left on base; Amarillo 10 - Round Rock 3
BOTTOM OF THE 7TH
Round Rock Express batting - Pitching for Amarillo Gold Sox : RHP Christopher DiLorenzo
Batting: RHB Mike Sodders 0-0: Called Strike
0-1: Swinging Strike
0-2: Ball
1-2: Ball
2-2: Ball
3-2: Base on Balls
Pitching: RHP Charles Schupp
Batting: LHB Steve Lyons 0-0: Called Strike
0-1: Ball
1-1: TRIPLE (Flyball, 8RXD, EV 96.3 MPH)
Mike Sodders scores
Batting: LHB Luis Armijo 0-0: Ground out 6-3 (Groundball, 6, EV 83.8 MPH)
Steve Lyons scores
Batting: RHB Alejandro Sanchez 0-0: DOUBLE (Line Drive, 8LD, EV 103.1 MPH)
Batting: LHB Al Chambers 0-0: Called Strike
0-1: Called Strike
0-2: Ball
1-2: Ground out 6-3 (Groundball, 6D, EV 103.1 MPH)
Batting: RHB Martyn Maxwell 0-0: Ball
1-0: Called Strike
1-1: Ball
2-1: Ball
3-1: Fly out, F8 (Flyball, 8LM, EV 90.0 MPH)
Bottom of the 7th over - 2 runs, 2 hits, 0 errors, 1 left on base; Amarillo 10 - Round Rock 5
TOP OF THE 8TH
Amarillo Gold Sox batting - Pitching for Round Rock Express : RHP Mario Kaufman
Batting: RHB Chino Cadahia 0-0: Ball
1-0: Ball
2-0: Ball
3-0: Base on Balls
Batting: RHB Todd Smith 0-0: Ball
1-0: Ball
2-0: Called Strike
2-1: Ball
3-1: Foul Ball, location: 2F
3-2: Strikes out swinging
Batting: RHB J.P. Pierson 0-0: Swinging Strike
0-1: Ball
1-1: Swinging Strike
1-2: Strikes out swinging
Batting: SHB Mike Felder 0-0: Called Strike
0-1: Fly out, F9 (Flyball, 9LM, EV 96.3 MPH)
Top of the 8th over - 0 runs, 0 hits, 0 errors, 1 left on base; Amarillo 10 - Round Rock 5
BOTTOM OF THE 8TH
Round Rock Express batting - Pitching for Amarillo Gold Sox : RHP Charles Schupp
Batting: RHB Gerald Miller 0-0: Called Strike
0-1: Fly out, F3 (Popup, 3S, EV 83.1 MPH)
Batting: LHB James Jennings 0-0: Foul Ball, location: 2F
0-1: Foul Ball, location: 2F
0-2: Ball
1-2: SINGLE (Groundball, 3S, EV 86.9 MPH) (infield hit)
Batting: LHB William Sobbe 0-0: Fly out, F8 (Line Drive, 8RM, EV 94.4 MPH)
Batting: RHB Mike Sodders 0-0: Swinging Strike
0-1: Ball
1-1: Foul Ball, location: 2F
1-2: SINGLE (Groundball, 5D, EV 103.8 MPH)
James Jennings to second
Batting: LHB Steve Lyons 0-0: Ball
1-0: Ball
2-0: Ball
3-0: Called Strike
3-1: Base on Balls
James Jennings to third
Mike Sodders to second
Batting: LHB Luis Armijo 0-0: Ball
1-0: Ball
2-0: Called Strike
2-1: Ball
3-1: Called Strike
3-2: Base on Balls
James Jennings scores
Mike Sodders to third
Steve Lyons to second
Batting: RHB Alejandro Sanchez 0-0: Ball
1-0: Ball
2-0: Called Strike
2-1: Called Strike
2-2: Ball
3-2: Strikes out swinging
Bottom of the 8th over - 1 run, 2 hits, 0 errors, 3 left on base; Amarillo 10 - Round Rock 6
TOP OF THE 9TH
Amarillo Gold Sox batting - Pitching for Round Rock Express : RHP Mario Kaufman
Pitching: LHP Ronald Wrobel
Batting: LHB Hector Arroyo 0-0: Fly out, F7 (Flyball, 78S, EV 89.4 MPH)
Batting: SHB Al Newman 0-0: Ball
1-0: Foul Ball, location: 2F
1-1: Ground out 6-3 (Groundball, 6S, EV 88.1 MPH)
Batting: RHB Bill Pecota 0-0: Ball
1-0: Ball
2-0: Called Strike
2-1: Foul Ball, location: 2F
2-2: Strikes out swinging
Top of the 9th over - 0 runs, 0 hits, 0 errors, 0 left on base; Amarillo 10 - Round Rock 6
BOTTOM OF THE 9TH
Round Rock Express batting - Pitching for Amarillo Gold Sox : RHP Charles Schupp
Batting: LHB Al Chambers 0-0: Ball
1-0: Foul Ball, location: 2F
1-1: Ball
2-1: Ball
3-1: Fly out, F2 (Popup, 25F, EV 81.3 MPH)
Batting: RHB Martyn Maxwell 0-0: Foul Ball, location: 2F
0-1: DOUBLE (Line Drive, 7LD, EV 106.9 MPH)
Pitching: RHP Joel Finch
Batting: RHB Gerald Miller 0-0: Foul Ball, location: 2F
0-1: Ball
1-1: Swinging Strike
1-2: Fly out, F8 (Flyball, 8RM, EV 86.3 MPH)
Batting: LHB James Jennings 0-0: Ball
1-0: Ground out 6-3 (Groundball, 6, EV 93.1 MPH)
Bottom of the 9th over - 0 runs, 1 hit, 0 errors, 1 left on base; Amarillo 10 - Round Rock 6
Friday, July 31st, 2020 - OOTP Baseball 21.5 Build 76